cohdb
Replays
Latest Replays
All Replays
Popular Replays
Top Player Replays
Match Explorer
How It Works
Community
CoH3 Stats
Reddit
Sign in to upload your games and track your stats! →
Sign in with Steam
Match 43164749
Unlisted
Match 43164749
Overview
Messages
Build Orders
End
Pioneer Squad
Construct Infanterie Kompanie
Selects Terror Battlegroup
Selects Machine Gun Camouflage
MG 42 Machine Gun Team
GrW 34 Mortar Team
Grenadier Squad
MG 42 Machine Gun Team
Grenadier Squad
Construct Panzergrenadier Kompanie
Pak 40 Anti-tank Gun Team
Selects Contempt for the Weak
Selects Jericho Trumpet
Support Elements
Medical Bunker
StuG III G Assault Gun
Pioneer Squad
Panzergrenadier Squad
Grenadier Squad
Construct Panzergrenadier Kompanie
Selects V1 Rocket Strike
Pak 40 Anti-tank Gun Team
Construct Panzer Kompanie
Selects Defend the Fatherland
Defend the Fatherland
只愛❤毛妹
一杆大长枪(尊师黄安君)
0
0
Comments
sign in to comment!
No comments posted yet!